[Event "Late-Titled-Tuesday-Blitz-October-03-2023"]
[Site "Chess.com"]
[Date "2023.10.03"]
[Round "3"]
[White "Valeron87"]
[Black "ameetghasi100"]
[Result "0-1"]
[WhiteElo "2475"]
[BlackElo "2713"]
[TimeControl "180+1"]
[EndTime "14:25:41 PDT"]
[Termination "ameetghasi100 won on time"]

1. e4 g6 2. d4 Bg7 3. Nc3 d6 4. h4 h6 5. h5 g5 6. Be3 Nc6 7. Qd2 a6 8. Nge2 b5 9. a3 e6 10. g3 Nf6 11. f4 Ng4 12. Bg1 Bb7 13. Bh3 f5 14. d5 Ne7 15. dxe6 Nf6 16. Nd4 Nxe4 17.
Nxe4 Bxe4 18. Bg2 c5 19. Bxe4 fxe4 20. fxg5 cxd4 21. Bxd4 Bxd4 22. Qxd4 O-O 23. gxh6 Nf5 24. Qxe4 Qg5 25. g4 Ne7 0-1

[Event "Late-Titled-Tuesday-Blitz-October-03-2023"]
[Site "Chess.com"]
[Date "2023.10.03"]
[Round "3"]
[White "chosenpr"]
[Black "Marcin"]
[Result "1-0"]
[WhiteElo "2246"]
[BlackElo "2472"]
[TimeControl "180+1"]
[EndTime "14:25:44 PDT"]
[Termination "chosenpr won by resignation"]

1. e4 c6 2. d4 d5 3. exd5 cxd5 4. Bd3 Nc6 5. c3 Qc7 6. Ne2 Bg4 7. O-O e6 8. Be3 Bd6 9. h3 Bh5 10. Re1 Nge7 11. Nd2 O-O 12. Nf1 Rae8 13. Qd2 Bg6 14. Nf4 Bxd3 15. Nxd3 f6 16. f4 Nf5 17. Bf2 Na5 18.
b3 Nc6 19. Re2 Rf7 20. Rae1 Rfe7 21. g4 Nh6 22. Ng3 Nf7 23. Kg2 b5 24. Nc5 Bxc5 25. dxc5 Kh8 26. f5 exf5 27. Nxf5 Rxe2 28. Rxe2 Rxe2 29.
Qxe2 Nce5 30. Qxb5 h6 31. Qe8+ Kh7 32. Qf8 Ng5 33. Ne7 h5 34. Qg8+ Kh6 35. Qh8+ Nh7 36. Nf5+ Kg6 37. Nh4+ Kh6 38. Be3+ g5 39. Nf5+ Kg6 40.
Qg8+ 1-0

[Event "Late-Titled-Tuesday-Blitz-October-03-2023"]
[Site "Chess.com"]
[Date "2023.10.03"]
[Round "3"]
[White "Road2GM3000"]
[Black "BigAl"]
[Result "1-0"]
[WhiteElo "2372"]
[BlackElo "2536"]
[TimeControl "180+1"]
[EndTime "14:25:45 PDT"]
[Termination "Road2GM3000 won by checkmate"]

1. d4 Nf6 2. c4 g6 3. Nc3 Bg7 4. e4 O-O 5. f4 d6 6. Nf3 c5 7. d5 e6 8. Be2 exd5 9. exd5 Nh5 10.
O-O Bxc3 11. bxc3 f5 12. Ng5 Ng7 13. Bd3 Na6 14. Qe1 Nc7 15. Qh4 h5 16. Qg3 Qf6 17. Bd2 Bd7 18. Nf3 Rae8 19. Rae1 b6 20. Rxe8 Rxe8 21. Re1 Rxe1+ 22. Qxe1 Qf7 23. Qe2 Qe8 24. Qd1 Qe7 25. Qc1 Nge8 26. Be1 b5 27. cxb5 Nxb5 28. Bh4 Qg7 29. Bxb5 Bxb5 30. c4 Bd7 31. Qe1 Nf6 32.
Bxf6 Qxf6 33. Qa5 Qa1+ 34. Kf2 Qb2+ 35. Kg3 Qb6 36. Qe1 Qd8 37. Ng5 Qf6 38. Qa5 Be8 39. Qxa7 Qc3+ 40. Kh4 Qd2 41. Qh7+ Kf8 42. Ne6# 1-0

[Event "Late-Titled-Tuesday-Blitz-October-03-2023"]
[Site "Chess.com"]
[Date "2023.10.03"]
[Round "3"]
[White "Mariia89"]
[Black "Anton_Demchenko"]
[Result "0-1"]
[WhiteElo "2046"]
[BlackElo "2912"]
[TimeControl "180+1"]
[EndTime "14:25:47 PDT"]
[Termination "Anton_Demchenko won on time"]

1. d4 Nf6 2. Nf3 d6 3. c4 Nc6 4. Nc3 e5 5. e4 Bg4 6. d5 Nd4 7. Be2 Nxe2 8. Nxe2 Nxe4 9. Qd3 Nc5 10. Qa3 e4 11. Nfd4 Nd3+ 12. Kf1 Be7 13. h3 Bxe2+ 14. Nxe2 O-O 15. Be3 Bf6 16. Rb1 Be5 17. f3 f5 18. f4 Bf6 19. g3 c5 20. Kg2 Qd7 21.
Nc3 a6 22. Qb3 Rab8 23. a4 Qf7 24. Qc2 Kh8 25. Nd1 b5 26. axb5 axb5 27. cxb5 Qxd5 28.
Nf2 Rxb5 29. Rhd1 Rb3 30. Rd2 c4 31. Qd1 Rfb8 32. g4 g6 33. gxf5 gxf5 34. Qh5 Qg8+ 35.
Kh2 Qg6 36. Qe2 d5 0-1

[Event "Late-Titled-Tuesday-Blitz-October-03-2023"]
[Site "Chess.com"]
[Date "2023.10.03"]
[Round "3"]
[White "elmusmolamas"]
[Black "RamyresCoelho"]
[Result "1-0"]
[WhiteElo "2532"]
[BlackElo "2282"]
[TimeControl "180+1"]
[EndTime "14:25:48 PDT"]
[Termination "elmusmolamas won by checkmate"]

1. e4 c5 2. Nc3 Nc6 3. Nge2 d6 4.
d4 cxd4 5. Nxd4 Bd7 6. g3 Nf6 7.
Bg2 e5 8. Nde2 Be7 9. O-O O-O 10.
h3 Qc8 11. Kh2 a6 12. Be3 b5 13. Nd5 Nxd5 14. exd5 Nd8 15. f4 f5 16. fxe5 dxe5 17. d6 Bf6 18. Qd5+ Kh8 19. Qxa8 Qxc2 20. Rf2 Qxb2 21. Raf1 Qxa2 22. Nd4 Qa3 23. Bc1 Qxd6 24. Nxf5 Qe6 25. Qd5 Qe8 26. Ba3 Rg8 27. Nd6 Qe6 28. Qxe6 Bxe6 29. Ne4 Bc4 30. Nxf6 gxf6 31. Rd1 Rg6 32.
Rxd8+ Kg7 33. Bd5 h5 34. Bf8+ Kh7 35. Be4 a5 36. Rd7+ Kh8 37. Bxg6 h4 38. gxh4 b4 39. Bh6 b3 40. Rxf6 Bg8 41. Rf8 b2 42.
Rh7# 1-0

[Event "Late-Titled-Tuesday-Blitz-October-03-2023"]
[Site "Chess.com"]
[Date "2023.10.03"]
[Round "3"]
[White "Byniolus"]
[Black "dropstoneDP"]
[Result "1/2-1/2"]
[WhiteElo "2759"]
[BlackElo "3076"]
[TimeControl "180+1"]
[EndTime "14:25:51 PDT"]
[Termination "Game drawn by repetition"]

1. d4 Nf6 2. Nf3 d5 3. Bf4 c5 4. c3 Nc6 5. Nbd2 cxd4 6. cxd4 Nh5 7. Be3 e6 8. g3 Bd6 9. Bg2 O-O 10. O-O Bd7 11.
Nb3 b6 12. Rc1 Rc8 13. Ne1 a5 14. Nd3 h6 15. Bf3 Nf6 16. Bf4 Qe7 17. Ne5 Rfd8 18. Nxc6 Bxc6 19. Bxd6 Qxd6 20. Qd3 Ne4 21. a3 Ba4 22. Nd2 Nxd2 23. Qxd2 Bb5 24. Rxc8 Rxc8 25. Rc1 Rc7 26. Rxc7 Qxc7 27. Qc3 Qxc3 28. bxc3 Kf8 29.
e4 dxe4 30. Bxe4 Ke7 31. f4 Kd6 32. Kf2 f6 33. Ke3 Bc4 34. h4 Bb3 35. Bf3 Bc4 36. Be4 Bb3 37. Bf3 Bc2 38. Bg2 e5 39. fxe5+ fxe5 40. Bf3 Bf5 41. Bg2 Be6 42. Bf3 Bf5 43.
Bg2 Be6 44. Bf3 Bf5 1/2-1/2

[Event "Late-Titled-Tuesday-Blitz-October-03-2023"]
[Site "Chess.com"]
[Date "2023.10.03"]
[Round "3"]
[White "K_alena13"]
[Black "MAGMAchess02"]
[Result "0-1"]
[WhiteElo "2120"]
[BlackElo "2367"]
[TimeControl "180+1"]
[EndTime "14:25:52 PDT"]
[Termination "MAGMAchess02 won by resignation"]

1. Nf3 c5 2. c4 Nf6 3. Nc3 Nc6 4. d4 cxd4 5. Nxd4 e6 6. Ndb5 d6 7. Bf4 e5 8. Bg5 a6 9. Bxf6 gxf6 10. Na3 Be6 11.
e3 Bg7 12. Be2 f5 13. Nc2 Qg5 14. h4 Qxg2 15. Bf3 Qg6 16. Qxd6 e4 17. h5 Qf6 18. Be2 Rd8 19. Qg3 Ne5 20. Rg1 Bf8 21. Nd4 Bxc4 22. Bxc4 Nxc4 23. b3 Ne5 24. Qg5 Nf3+ 25. Nxf3 Qxc3+ 26. Ke2 Qd3+ 27. Ke1 exf3 0-1

[Event "Late-Titled-Tuesday-Blitz-October-03-2023"]
[Site "Chess.com"]
[Date "2023.10.03"]
[Round "3"]
[White "GMG"]
[Black "victormago"]
[Result "1-0"]
[WhiteElo "2749"]
[BlackElo "2486"]
[TimeControl "180+1"]
[EndTime "14:25:53 PDT"]
[Termination "GMG won on time"]

1. d4 Nf6 2. c4 c5 3. Nf3 cxd4 4. Nxd4 e5 5. Nb5 d5 6. cxd5 Bc5 7. N5c3 O-O 8. h3 h6 9. e4 a6 10. a4 Nbd7 11.
Na3 Qb6 12. Qf3 Ne8 13. Nc4 Qg6 14. Be2 Rb8 15. a5 f5 16. O-O fxe4 17. Qxe4 Qf7 18. Be3 Nef6 19. Qd3 Bb4 20. Rad1 Rd8 21. Ne4 Nxe4 22.
Qxe4 Re8 23. Nxe5 Nxe5 24. Qxb4 Bf5 25. Qd4 Rbd8 26. Bf4 Ng6 27. Bh5 Re4 28. Qb6 Rd7 29.
Bg3 Kh7 30. d6 Re6 31. Rfe1 Rxe1+ 32. Rxe1 Qf6 33. Bf3 Nh4 34. Bxb7 1-0

[Event "Late-Titled-Tuesday-Blitz-October-03-2023"]
[Site "Chess.com"]
[Date "2023.10.03"]
[Round "3"]
[White "FM_Kappeler"]
[Black "Langua_Chess"]
[Result "0-1"]
[WhiteElo "2335"]
[BlackElo "2496"]
[TimeControl "180+1"]
[EndTime "14:25:53 PDT"]
[Termination "Langua_Chess won by resignation"]

1. d4 d5 2. c4 e6 3. Nf3 h6 4.
g3 Nf6 5. Bg2 Bd6 6. O-O O-O 7.
b3 Nc6 8. Bb2 Re8 9. Nbd2 dxc4 10. Nxc4 Bf8 11. Rc1 a5 12. Nfe5 Nxe5 13. Nxe5 Nd5 14.
Qc2 c6 15. Rfd1 a4 16. Be4 Nf6 17. Nxf7 Kxf7 18. Bg6+ Kg8 19. Bxe8 Qxe8 20. bxa4 Qh5 21. Kg2 e5 22. dxe5 Qh3+ 23. Kf3 Bg4+ 24. Ke3 Nd5+ 25. Kd3 Nb4+ 0-1

[Event "Late-Titled-Tuesday-Blitz-October-03-2023"]
[Site "Chess.com"]
[Date "2023.10.03"]
[Round "3"]
[White "OparinGrigoriy"]
[Black "djano"]
[Result "1-0"]
[WhiteElo "2998"]
[BlackElo "2680"]
[TimeControl "180+1"]
[EndTime "14:25:54 PDT"]
[Termination "OparinGrigoriy won by resignation"]

1. c4 e6 2. Nc3 d5 3. d4 h6 4.
cxd5 exd5 5. Nf3 Nf6 6. Qc2 Nc6 7. a3 Ne7 8. Bf4 c6 9. e3 Bf5 10. Bd3 Bxd3 11. Qxd3 Ng6 12. O-O Bd6 13. Ne5 Nxf4 14.
exf4 O-O 15. Rae1 Qb6 16. Re2 Rfe8 17. Rfe1 Re7 18. h3 Rae8 19. g4 Qc7 20. Kg2 Nh7 21.
Qf3 Nf8 22. Re3 Qb6 23. Ne2 Qxb2 24. Ng3 g6 25. Qd1 Qb6 26. f5 Kg7 27. Qf3 f6 28. Nxg6 Rxe3 29. Nh5+ Kf7 30. Rxe3 Qxd4 31. Nh8+ 1-0

[Event "Late-Titled-Tuesday-Blitz-October-03-2023"]
[Site "Chess.com"]
[Date "2023.10.03"]
[Round "3"]
[White "SaqoChess_Twitch"]
[Black "leoduarte"]
[Result "1-0"]
[WhiteElo "2633"]
[BlackElo "2450"]
[TimeControl "180+1"]
[EndTime "14:25:55 PDT"]
[Termination "SaqoChess_Twitch won by checkmate"]

1. d4 Nf6 2. c4 e6 3. Nc3 d5 4.
Nf3 Bb4 5. Bg5 h6 6. Bxf6 Qxf6 7. e3 O-O 8. Rc1 dxc4 9. Bxc4 c5 10. dxc5 Nc6 11. O-O Rd8 12. Qe2 Qe7 13. Na4 Bxc5 14. Nxc5 Qxc5 15. Bxe6 Qa5 16. Bb3 Bg4 17. h3 Bh5 18. Rfd1 Bg6 19. Rxd8+ Rxd8 20. Rd1 Rxd1+ 21. Qxd1 Qd8 22. Qxd8+ Nxd8 23. Ne5 Bf5 24. g4 Bc8 25. f4 Kf8 26. Kf2 Ke7 27. e4 Ne6 28. Bxe6 Bxe6 29. a3 Bb3 30. Ke3 Bd1 31. Nd3 b6 32. Nb4 Ba4 33. Kd4 Kd6 34. e5+ Ke6 35. f5+ Ke7 36.
Nd5+ Kd7 37. Ne3 Bc6 38. h4 Bf3 39. g5 hxg5 40. hxg5 Be2 41. b4 Bf3 42. Nd5 Bg4 43. Ke4 Bh3 44. Nf4 Bf1 45. e6+ Ke7 46. Ke5 Bc4 47.
f6+ gxf6+ 48. gxf6+ Kd8 49. e7+ Kd7 50. Nh5 Bb5 51.
Ng7 Kc7 52. e8=Q Bxe8 53. Nxe8+ Kd7 54. Nd6 a5 55. b5 a4 56. Nxf7 Ke8 57. Nd6+ Kd7 58.
Kd5 Kc7 59. Ke6 Kd8 60. f7 Kc7 61. Ne8+ Kb7 62. f8=Q Ka8 63. Nd6+ Ka7 64. Qe7+ Kb8 65. Qb7# 1-0

[Event "Late-Titled-Tuesday-Blitz-October-03-2023"]
[Site "Chess.com"]
[Date "2023.10.03"]
[Round "3"]
[White "ferrufino64"]
[Black "fyall777"]
[Result "0-1"]
[WhiteElo "2231"]
[BlackElo "2501"]
[TimeControl "180+1"]
[EndTime "14:25:55 PDT"]
[Termination "fyall777 won by resignation"]

1. e4 e6 2. d4 d5 3. Nc3 dxe4 4. Nxe4 Nf6 5. Nxf6+ Qxf6 6. Nf3 h6 7. Bd3 Nc6 8.
c3 Bd7 9. Qe2 Bd6 10. Bd2 O-O-O 11. O-O-O e5 12. dxe5 Nxe5 13. Nxe5 Bxe5 14. Rhe1 Rhe8 15.
Be3 Bf4 16. Qd2 Bxe3 17. Rxe3 Qg5 18. Rxe8 Rxe8 19. Qxg5 hxg5 20. Bc4 f6 21. Kd2 g4 22. Rf1 Rh8 23. Rh1 Kd8 24. Ke3 Bc6 25. Bf1 g5 26. h3 Ke7 27. f3 g3 28. Bd3 Ke6 29. Rd1 f5 30. Bc4+ Ke5 31. Rd4 f4+ 32. Ke2 g4 33. hxg4 Rh2 34. Kf1 Rh1+ 35. Ke2 Rg1 36. Kd2 Rxg2+ 37.
Kc1 Bxf3 0-1

[Event "Late-Titled-Tuesday-Blitz-October-03-2023"]
[Site "Chess.com"]
[Date "2023.10.03"]
[Round "3"]
[White "maksimys18"]
[Black "BilodeauA"]
[Result "1-0"]
[WhiteElo "2527"]
[BlackElo "2890"]
[TimeControl "180+1"]
[EndTime "14:26:01 PDT"]
[Termination "maksimys18 won by checkmate"]

1. d4 d5 2. Nf3 Nf6 3. c4 dxc4 4.
Nc3 a6 5. a4 Nc6 6. Bg5 Bf5 7.
Bxf6 exf6 8. e4 Bg4 9. d5 Ne5 10.
Be2 Bxf3 11. gxf3 g5 12. h4 Bc5 13. hxg5 fxg5 14. Qd2 Qf6 15. O-O-O b5 16. d6 cxd6 17. Nd5 Qd8 18. f4 gxf4 19. Qxf4 Kd7 20. Rh6 bxa4 21. Qf5+ Ke8 22. Bh5 Ra7 23. Nf6+ Ke7 24. Nd5+ Kf8 25. Rxh7 Rxh7 26. Qxh7 Ke8 27. f4 Nd3+ 28. Rxd3 cxd3 29.
Qg8+ Kd7 30. Bg4+ Kc6 31. Qxd8 Kb5 32. Kd2 Kc4 33. Qa5 Kb3 34. Qc3+ Ka2 35. Kxd3 Rb7 36. Bd1 Rxb2 37. Bxa4 Kb1 38. e5 Ka2 39. exd6 Bxd6 40.
f5 Rh2 41. Qc4+ Kb2 42. Ne3 Ba3 43. Bc2 Kc1 44. Qb3 Bb2 45. Qa2 Rd2+ 46. Ke4 Rd4+ 47. Kf3 Rb4 48. Qb1+ Kd2 49. Qd1+ Kc3 50. Qd3# 1-0

[Event "Late-Titled-Tuesday-Blitz-October-03-2023"]
[Site "Chess.com"]
[Date "2023.10.03"]
[Round "3"]
[White "MarkoPe"]
[Black "AlejandroBalde"]
[Result "1-0"]
[WhiteElo "2360"]
[BlackElo "2099"]
[TimeControl "180+1"]
[EndTime "14:26:05 PDT"]
[Termination "MarkoPe won by resignation"]

1. d4 Nf6 2. g3 g6 3. Bg2 Bg7 4. Nf3 d6 5. h4 O-O 6. h5 Nxh5 7.
Nc3 e5 8. Bg5 Qe8 9. Qd2 f5 10.
Nd5 Qd7 11. O-O-O e4 12. Nh4 c6 13. Ne7+ Kf7 14. d5 c5 15. Nhxf5 gxf5 16. Rxh5 Qa4 17. Rxh7 Rh8 18. Rdh1 Rxh7 19. Rxh7 Nd7 20. Nxf5 Ne5 21. Rxg7+ Ke8 22. Nxd6+ Kf8 1-0

[Event "Late-Titled-Tuesday-Blitz-October-03-2023"]
[Site "Chess.com"]
[Date "2023.10.03"]
[Round "3"]
[White "Zhigalko_Sergei"]
[Black "hellokostya"]
[Result "1-0"]
[WhiteElo "2934"]
[BlackElo "2558"]
[TimeControl "180+1"]
[EndTime "14:26:06 PDT"]
[Termination "Zhigalko_Sergei won by resignation"]

1. e4 Nc6 2. Nf3 d6 3. d4 Nf6 4.
Nc3 g6 5. Bb5 a6 6. Bxc6+ bxc6 7.
h3 Bg7 8. O-O O-O 9. Re1 Rb8 10.
Rb1 Nd7 11. Be3 a5 12. Qd2 Bb7 13. Bh6 c5 14. Bxg7 Kxg7 15. d5 c6 16. b3 cxd5 17.
Nxd5 Bxd5 18. exd5 Nf6 19. Re3 a4 20. Rbe1 axb3 21.
axb3 Rb7 22. Nh2 Re8 23. Ng4 Nxg4 24. hxg4 h6 25. Qc3+ Kh7 26. g5 h5 27. g4 e5 28.
gxh5 Qxg5+ 29. Rg3 Qf4 30. Kg2 Kg7 31. Qd3 e4 32. Qc3+ Qf6 33. h6+ 1-0

[Event "Late-Titled-Tuesday-Blitz-October-03-2023"]
[Site "Chess.com"]
[Date "2023.10.03"]
[Round "3"]
[White "Denis_Makhnyov"]
[Black "pedromartinez91"]
[Result "1-0"]
[WhiteElo "2922"]
[BlackElo "2554"]
[TimeControl "180+1"]
[EndTime "14:26:07 PDT"]
[Termination "Denis_Makhnyov won on time"]

1. d4 d5 2. c4 Bf5 3. Nc3 e6 4. Nf3 Nf6 5. Bg5 Be7 6. Qb3 dxc4 7. Qxc4 Nbd7 8. e3 O-O 9. Be2 h6 10. Bh4 c5 11. Rd1 cxd4 12. Nxd4 Bg6 13. O-O Qb6 14. Nb3 Rac8 15. Qb5 a6 16. Qxb6 Nxb6 17. Bf3 Nc4 18. Bxb7 Rc7 19. Bxa6 Nxb2 20. Rd2 Rxc3 21.
Rxb2 Ra8 22. Bb7 Ra7 23. Bf3 Ba3 24. Rd2 Ne4 25. Rd8+ Kh7 26. Nd4 Rb7 27. Ne2 Rc2 28. Nf4 Rb4 29. Nxg6 Kxg6 30. Be7 Ra4 31. Bxe4+ Rxe4 32.
Bxa3 Rxa2 33. Bc5 Rc4 34. Bd4 Rcc2 35. Rd6 Kf5 36. Bxg7 h5 37. h4 Kg6 38. Bd4 Re2 39. Rd8 Kf5 40. Rg8 f6 41. Rh8 e5 42. Bc5 Kg4 43. Rg8+ Kxh4 44. Be7 Ra6 45. Rg6 1-0

[Event "Late-Titled-Tuesday-Blitz-October-03-2023"]
[Site "Chess.com"]
[Date "2023.10.03"]
[Round "3"]
[White "sofaceindisguise"]
[Black "miraitrunks"]
[Result "1-0"]
[WhiteElo "2825"]
[BlackElo "2204"]
[TimeControl "180+1"]
[EndTime "14:26:09 PDT"]
[Termination "sofaceindisguise won by checkmate"]

1. c4 c5 2. Nc3 Nc6 3. g3 e5 4. Bg2 d6 5. d3 g6 6. a3 Bg7 7. Rb1 a5 8. Nf3 Nge7 9. O-O O-O 10. Ne1 Bg4 11. Nc2 Qd7 12. Ne3 Bh3 13. Ned5 Bxg2 14. Kxg2 Nxd5 15. Nxd5 Rae8 16. e4 f5 17. f3 fxe4 18. dxe4 Nd4 19. Be3 Rf7 20. b4 axb4 21. axb4 Ref8 22. Bxd4 exd4 23. Qd3 Qa4 24. Rf2 Bh6 25.
f4 g5 26. f5 g4 27. bxc5 dxc5 28. e5 Qc6 29. Qe4 Be3 30. Rb6 Qa4 31. e6 Rg7 32. e7 Re8 33. Qe6+ Kh8 34. f6 Bxf2 35. fxg7+ Kxg7 36. Qf6+ Kg8 37. Qe6+ Kg7 38. Qe5+ Kg8 39. Nf6+ Kf7 40. Qe6+ Kg6 41. Nxe8+ Kh5 42. Qh6# 1-0

[Event "Late-Titled-Tuesday-Blitz-October-03-2023"]
[Site "Chess.com"]
[Date "2023.10.03"]
[Round "3"]
[White "akretchetov"]
[Black "martinbitel"]
[Result "1-0"]
[WhiteElo "2521"]
[BlackElo "2239"]
[TimeControl "180+1"]
[EndTime "14:26:10 PDT"]
[Termination "akretchetov won on time"]

1. Nf3 d5 2. d4 Nf6 3. c4 c6 4. e3 e6 5. Bd3 Be7 6. O-O dxc4 7. Bxc4 b5 8. Bd3 Bb7 9. e4 O-O 10. a4 a6 11. Qe2 b4 12. Nbd2 c5 13. dxc5 Bxc5 14. Nb3 Ba7 15. Bg5 Qc7 16. Rac1 Nc6 17.
Bxf6 gxf6 18. Nc5 Bxc5 19. Rxc5 e5 20. Rfc1 Qb6 21. Nh4 Kh8 22. Nf5 Rad8 23. h3 Nd4 24. Nxd4 Rxd4 25. a5 Qd8 26. Bxa6 Rd2 27. Qb5 Rd1+ 28.
Rxd1 Qxd1+ 29. Qf1 Qxf1+ 30. Bxf1 Bxe4 31. Rb5 Ra8 32.
Rxb4 Bd5 33. Rb5 Bc6 34. Rb6 Bd5 35. b4 Kg7 36. a6 Kf8 37. b5 Ke7 38. f3 f5 39. Rh6 Be6 40. b6 Rb8 41. b7 Bd5 42. a7 Rxb7 43. a8=Q Rb1 44. Qxd5 1-0

[Event "Late-Titled-Tuesday-Blitz-October-03-2023"]
[Site "Chess.com"]
[Date "2023.10.03"]
[Round "3"]
[White "ContrVersia"]
[Black "TheoSlade"]
[Result "1-0"]
[WhiteElo "2870"]
[BlackElo "2507"]
[TimeControl "180+1"]
[EndTime "14:26:11 PDT"]
[Termination "ContrVersia won by resignation"]

1. Nf3 d5 2. c4 e6 3. g3 Nf6 4. b3 Be7 5. Bg2 O-O 6. O-O d4 7.
e3 c5 8. exd4 cxd4 9. Re1 Nc6 10. Bb2 Re8 11. Na3 Bc5 12. Ne5 Nxe5 13. Rxe5 Qd6 14.
Rxc5 Qxc5 15. Nb5 e5 16. Ba3 Qb6 17. Nd6 Rd8 18. c5 Qa5 19. Qc1 Rb8 20. b4 Qa4 21. Bf1 Qc6 22. b5 Qd5 23. Bc4 Qf3 24. Nxf7 Rd5 25.
Nxe5 Qe4 26. Qe1 Be6 27. Qxe4 Nxe4 28. Bxd5 Bxd5 29. c6 bxc6 30. bxc6 Nxd2 31. Bd6 Rc8 32. c7 Nf3+ 33. Kf1 Nxe5 34. Bxe5 d3 35. Ke1 Kf7 36. Kd2 Bc4 37. a4 g6 38. Rc1 Ba6 39. Rc6 Bb7 40. Rc5 Be4 41. Ra5 Ke6 42. f4 g5 43. fxg5 Rf8 44. Bf4 Kd7 45. Rxa7 Bg6 46. c8=Q+ Kxc8 47. Ra8+ 1-0

[Event "Late-Titled-Tuesday-Blitz-October-03-2023"]
[Site "Chess.com"]
[Date "2023.10.03"]
[Round "3"]
[White "chessmoo"]
[Black "jsdbv18"]
[Result "1-0"]
[WhiteElo "2462"]
[BlackElo "2602"]
[TimeControl "180+1"]
[EndTime "14:26:11 PDT"]
[Termination "chessmoo won by resignation"]

1. c4 Nf6 2. g3 e6 3. Bg2 d5 4. Nf3 c5 5. cxd5 exd5 6. d4 Nc6 7. O-O cxd4 8. Nxd4 Bc5 9. Nxc6 bxc6 10. Qc2 Bb6 11. b3 O-O 12. Ba3 Re8 13. Nc3 Ba6 14. Rfe1 Rc8 15.
Na4 Ne4 16. e3 Qf6 17. Nc5 Nxc5 18. Bxc5 h5 19. h4 g6 20. Rac1 Kg7 21. Ba3 Kg8 22. Bb2 d4 23. exd4 Rxe1+ 24. Rxe1 Bxd4 25. Bxd4 Qxd4 26. Rd1 Qg4 27. Rd6 Bb7 28. Be4 Kg7 29. Qc3+ Kg8 30. Qd3 Kg7 31. Rd7 Ba6 32. Qd4+ Kg8 33.
Rxa7 Be2 34. Qd7 Qxd7 35. Rxd7 c5 36. f3 c4 37. bxc4 Bxc4 38. a4 Be6 39. Rd1 Rc5 40. Ra1 Ra5 41. Bc6 Bd5 42. Bxd5 Rxd5 43. a5 Rd7 44. a6 Ra7 45. Kf2 Kg7 46. Ke3 Kf6 47. Kd4 Ke6 48. Kc5 Rc7+ 49. Kb6 Rc3 50. a7 Rb3+ 51.
Kc5 1-0

[Event "Late-Titled-Tuesday-Blitz-October-03-2023"]
[Site "Chess.com"]
[Date "2023.10.03"]
[Round "3"]
[White "gabduschew"]
[Black "Nf3c5"]
[Result "0-1"]
[WhiteElo "2406"]
[BlackElo "2597"]
[TimeControl "180+1"]
[EndTime "14:26:12 PDT"]
[Termination "Nf3c5 won by resignation"]

1. b3 c5 2. Bb2 d6 3. e3 e5 4. d4 cxd4 5. exd4 e4 6. d5 Nf6 7.
Bc4 Bf5 8. Ne2 Nbd7 9. Ng3 Bg6 10. O-O Be7 11. Nc3 a6 12. a4 Ne5 13. Qd4 Rc8 14.
Be2 O-O 15. Rac1 Re8 16. Rfe1 Bf8 17. Bd1 Qa5 18. h3 h5 19. Be2 h4 20. Nf1 Ned7 21.
Ne3 Re5 22. Nc4 Rxc4 23. Bxc4 Qd8 24. Ne2 Rg5 25. Rcd1 Ne5 26. Bc1 Nf3+ 27. Kh1 Nxd4 28. Bxg5 Nxe2 29. Rxe2 Qc7 30. Bxf6 gxf6 31. Kh2 Bh6 32.
g3 Bh5 33. gxh4 Bxe2 0-1

[Event "Late-Titled-Tuesday-Blitz-October-03-2023"]
[Site "Chess.com"]
[Date "2023.10.03"]
[Round "3"]
[White "Quattroporte300"]
[Black "Yushko_Olga"]
[Result "1-0"]
[WhiteElo "2354"]
[BlackElo "2104"]
[TimeControl "180+1"]
[EndTime "14:26:13 PDT"]
[Termination "Quattroporte300 won by resignation"]

1. e4 e6 2. d4 d5 3. exd5 exd5 4. Nf3 Nf6 5. Bd3 Be7 6. O-O O-O 7. h3 c5 8. dxc5 Bxc5 9. Nbd2 Nc6 10. Nb3 Be7 11. c3 Qc7 12. Re1 Be6 13. Bg5 h6 14. Bh4 Rfe8 15.
Nbd4 Nxd4 16. Nxd4 Bd7 17. Qf3 Qd6 18. Bg3 Qb6 19.
Re2 Bd6 20. Rae1 Bxg3 21. Qxg3 Rxe2 22. Rxe2 Re8 23. Rxe8+ Nxe8 24. b3 Qa5 25. Bb1 Nf6 26. Kh2 Qc5 27. Bf5 Ne4 28. Qb8+ Bc8 29. Qxc8+ Qxc8 30. Bxc8 Nxc3 31. Bxb7 Nxa2 32. Bxd5 Nc1 33. Nc6 a6 34.
Bc4 Kf8 35. b4 Ke8 36. Kg1 Kd7 37. Ne5+ Ke7 38. Kf1 f6 39. Nf3 1-0

[Event "Late-Titled-Tuesday-Blitz-October-03-2023"]
[Site "Chess.com"]
[Date "2023.10.03"]
[Round "3"]
[White "acertijo08"]
[Black "Horokoskii"]
[Result "1-0"]
[WhiteElo "2340"]
[BlackElo "2091"]
[TimeControl "180+1"]
[EndTime "14:26:14 PDT"]
[Termination "acertijo08 won by resignation"]

1. e4 e6 2. d4 d5 3. Nc3 Nf6 4.
e5 Nfd7 5. f4 c5 6. Nf3 Nc6 7.
Be3 a6 8. Qd2 b5 9. dxc5 Bxc5 10. O-O-O Qb6 11. Bxc5 Nxc5 12. Bd3 b4 13. Ne2 a5 14.
Kb1 Ba6 15. Bxa6 Rxa6 16. Ned4 O-O 17. f5 a4 18. f6 Ne4 19. Qf4 b3 20. Rhe1 Rb8 21.
cxb3 a3 22. Rxe4 Nxd4 23. Rexd4 h6 24. fxg7 Kxg7 25. Qf6+ Kf8 26. Qxh6+ Ke8 27. Qh8+ Kd7 28. Qf6 axb2 29. Qxf7+ Kd8 30. Qf8+ Kd7 31. Qd6+ Qxd6 32. exd6 Rba8 33. a4 Rb8 34. Kxb2 Kxd6 35. Re1 Rab6 36. Rd3 Rb4 37. Nd4 e5 38. Nb5+ Ke6 39. Nc7+ Kd6 40.
Nxd5 Rxa4 41. Nc3+ Rd4 42. Rxd4+ exd4 43. Ne4+ 1-0

[Event "Late-Titled-Tuesday-Blitz-October-03-2023"]
[Site "Chess.com"]
[Date "2023.10.03"]
[Round "3"]
[White "sergoy"]
[Black "Kirill_Klukin"]
[Result "1-0"]
[WhiteElo "3009"]
[BlackElo "2685"]
[TimeControl "180+1"]
[EndTime "14:26:15 PDT"]
[Termination "sergoy won by resignation"]

1. d4 d5 2. c4 c6 3. Nf3 e6 4.
Nc3 dxc4 5. a4 Bb4 6. e3 b5 7. Bd2 a5 8. axb5 Bxc3 9. Bxc3 cxb5 10. b3 Bb7 11. bxc4 b4 12. Bb2 Nf6 13. Bd3 O-O 14.
O-O Nbd7 15. c5 Qc7 16. Re1 Be4 17. Bxe4 Nxe4 18. Qa4 Ndf6 19. Ne5 Nd5 20. Qc2 f5 21. f3 Nef6 22. Qb3 Rfe8 23. Ra4 Nd7 24. Nc4 Reb8 25. e4 fxe4 26. fxe4 Nf4 27. g3 Nh3+ 28. Kg2 Ng5 29. h4 Nxe4 30. Rxe4 Qc6 31. Nd2 Nf6 32. Qxe6+ Qxe6 33.
Rxe6 Nd5 34. Nc4 Nc3 35. Bxc3 bxc3 36. Nb6 Ra7 37. Re3 1-0

[Event "Late-Titled-Tuesday-Blitz-October-03-2023"]
[Site "Chess.com"]
[Date "2023.10.03"]
[Round "3"]
[White "Evandro_Barbosa"]
[Black "GMBenjaminBok"]
[Result "0-1"]
[WhiteElo "2668"]
[BlackElo "2983"]
[TimeControl "180+1"]
[EndTime "14:26:17 PDT"]
[Termination "GMBenjaminBok won on time"]

1. e4 c5 2. Nf3 d6 3. d4 cxd4 4. Nxd4 Nf6 5. Nc3 a6 6. Be2 e5 7. Nf3 Be7 8. Bg5 Nbd7 9. a4 h6 10. Bh4 Qb6 11. Rb1 O-O 12. O-O Qc6 13. Nd5 Re8 14. a5 g5 15. Nxg5 hxg5 16. Bxg5 Nxd5 17. exd5 Qc7 18. f4 Qd8 19. h4 exf4 20. Bxf4 Ne5 21. Bh5 Ng6 22. Bh6 Bf6 23. Qf3 Bd4+ 24. Rf2 Bxf2+ 25.
Qxf2 Qxh4 26. Qf3 Ne5 27. Qe2 Bg4 0-1

[Event "Late-Titled-Tuesday-Blitz-October-03-2023"]
[Site "Chess.com"]
[Date "2023.10.03"]
[Round "3"]
[White "Truequitos"]
[Black "BillieKimbah"]
[Result "0-1"]
[WhiteElo "2444"]
[BlackElo "2964"]
[TimeControl "180+1"]
[EndTime "14:26:18 PDT"]
[Termination "BillieKimbah won by resignation"]

1. d4 Nf6 2. Nf3 g6 3. Bg5 Bg7 4. c3 O-O 5. Nbd2 d6 6. e4 c5 7. dxc5 dxc5 8. Bc4 Nc6 9. O-O Qc7 10. Qe2 Nh5 11. Qe3 b6 12. Rfe1 Ne5 13. Bd5 Rb8 14. Nxe5 Bxe5 15. g3 Nf6 16. Bb3 Ng4 17.
Qe2 Bg7 18. Bf4 Ne5 19. Kg2 h6 20. h4 b5 21. a4 c4 22. Bc2 b4 23. Bxe5 Bxe5 24.
Qxc4 bxc3 25. Qxc7 Bxc7 26. bxc3 Ba5 27. Rab1 Be6 28.
Re3 Ba2 29. Rb5 Rxb5 30. axb5 Rc8 31. Bb3 Bxc3 32. Bxa2 Bxd2 33. Ra3 Rc7 34. Ra6 e6 35. h5 gxh5 36. Kh3 Be1 37. Kg2 Rc2 38. Rxa7 Bxf2 39. Ra8+ Kg7 40. Kh3 Bg1 41. g4 Rh2+ 42. Kg3 h4+ 43.
Kf3 Rf2+ 0-1